AoeStats
← Horizon

Arena

508877509Analyzed
4v4 RM · 7d ago on Sep 24, 2026· 33m 57s· 8 players
Game mode
Random Map
Map size
Large (8 player)
Population
200
Speed
Normal
Resources
Standard
Victory
Conquest
Starting age
Dark Age
Ending age
Imperial Age
RankedLock teamsTeams togetherTeam positionsShared explorationLock speedFull tech treeHidden civsTurbo modeCheats
Victory
Defeat
1516
+15
🇹🇼 Britons · Taiwan
1509
+15
🇵🇰 Teutons · Pakistan
1500
+15
🇭🇰 Hindustanis · Hong Kong SAR China
1479
+16
🇵🇱 Mongols · Poland
1504
-16
🇹🇼 Spanish · Taiwan
1497
-16
1495
-15
🇫🇷 Slavs · France
1455
-14
Nachhaltigkeitsmanagement
10:18 Feudal Age
11:11 Loom
14:46 Castle Age
24:58 Redemption
27:46 Sanctity
Svodoo
11:54 Feudal Age
16:14 Castle Age
14:51 Double-Bit Axe
14:46 Horse Collar
17:31 Bow Saw
20:53 Heavy Plow
21:00 Loom
23:34 Stone Mining
26:38 Wheelbarrow
29:21 Imperial Age
28:11 Masonry
28:15 Bloodlines
28:05 Husbandry
28:13 Scale Barding Armor
28:19 Forging
28:35 Hand Cart
29:01 Detinets
29:47 Chain Barding Armor
30:40 Iron Casting
29:31 Onager
30:51 Elite Boyar
32:24 Plate Barding Armor
32:14 Fletching
Dawidowww
10:38 Feudal Age
12:00 Loom
14:37 Castle Age
12:52 Horse Collar
16:07 Fletching
25:00 Wheelbarrow
29:00 Padded Archer Armor
29:01 Bodkin Arrow
30:13 Leather Archer Armor
虞小梅
11:54 Feudal Age
15:50 Castle Age
14:10 Double-Bit Axe
14:18 Horse Collar
15:44 Gold Mining
16:00 Loom
17:53 Bow Saw
17:50 Heavy Plow
21:43 Padded Archer Armor
26:08 Stone Mining
29:18 Fortified Wall
sci621
10:46 Feudal Age
14:36 Castle Age
12:31 Double-Bit Axe
12:30 Horse Collar
15:32 Bow Saw
16:52 Wheelbarrow
20:31 Loom
21:14 Gold Mining
26:23 Imperial Age
24:22 Fletching
24:33 Padded Archer Armor
25:21 Bodkin Arrow
26:26 Leather Archer Armor
26:12 Stone Mining
27:17 Bracer
28:44 Chemistry
28:56 Ballistics
29:39 Ring Archer Armor
29:33 Conscription
31:19 Gold Shaft Mining
31:51 Elite Longbowman
安师大高级王罗宇晨
9:16 Feudal Age
13:55 Castle Age
12:07 Double-Bit Axe
15:35 Loom
16:19 Husbandry
26:39 Fortified Wall
26:24 Horse Collar
29:44 Wheelbarrow
29:29 Heavy Plow
30:50 Gold Mining
32:13 Gold Shaft Mining
31:57 Bow Saw
32:32 Hand Cart
34:08 Ballistics
LinG寶寶
12:32 Feudal Age
13:54 Double-Bit Axe
13:51 Horse Collar
16:37 Castle Age
17:48 Bow Saw
21:17 Wheelbarrow
24:01 Hand Cart
24:37 Loom
24:37 Town Watch
28:34 Imperial Age
26:37 Forging
26:32 Scale Barding Armor
27:55 Iron Casting
27:48 Masonry
27:31 Gold Mining
27:33 Stone Mining
28:30 Bloodlines
28:21 Husbandry
29:18 Chain Barding Armor
29:03 Caravan
29:00 Heavy Camel Rider
30:42 Blast Furnace
30:28 Gold Shaft Mining
30:05 Heavy Plow
31:08 Two-Man Saw
30:47 Stone Shaft Mining
30:48 Coinage
31:10 Imperial Camel Rider
32:32 Plate Barding Armor
Horizon
5:43 Loom
8:35 Feudal Age
9:16 Town Watch
10:02 Fletching
18:25 Double-Bit Axe
18:25 Horse Collar
23:06 Wheelbarrow
Connection lost

Rejoining the realm…

Still unreachable

The connection could not be restored.

Session expired

The server has moved on; the page needs a fresh start.